 Dungeon Crawl Stone Soup version 0.25-a0-346-g140ab784a8 (webtiles) character file.

Game seed: 17091501533376301131, levelgen mode: deterministic

51 BritishOli the Slasher (level 3, -1/28 HPs)
             Began as a Demonspawn Gladiator on Jan 1, 2020.
             Slain by Natasha (3 damage)
             ... on level 2 of the Dungeon.
             The game lasted 00:01:48 (869 turns).

BritishOli the Slasher (Demonspawn Gladiator)        Turns: 869, Time: 00:01:49

Health: -1/28      AC:  3    Str: 15    XL:     3   Next: 58%
Magic:  3/3        EV: 13    Int:  9    God:
Gold:   12         SH:  0    Dex: 14    Spells: 2/2 levels left

rFire    . . .     SeeInvis .   a - +0 long sword
rCold    . . .     Gourm    .   (no shield)
rNeg     . . .     Faith    .   b - +0 leather armour
rPois    .         Spirit   .   (helmet restricted)
rElec    .         Reflect  .   (no cloak)
rCorr    .         Harm     .   (no gloves)
MR       .....                  (no boots)
Stlth    +.........             (no amulet)
HPRegen  0.09/turn              (no ring)
MPRegen  0.08/turn              (no ring)

@: slowed, very slow
A: horns 1, sturdy frame 1
a: no special abilities


You were on level 2 of the Dungeon.
You were not hungry.

You visited 1 branch of the dungeon, and saw 2 of its levels.

You collected 12 gold pieces.

Inventory:

Hand Weapons
 a - a +0 long sword (weapon)
Missiles
 d - 3 throwing nets (quivered)
Armour
 b - a +0 leather armour (worn)
 c - a +0 helmet
Scrolls
 e - a scroll of amnesia {unknown}
 g - a scroll of teleportation {unknown}
 h - a scroll of blinking {unknown}
 i - a scroll of remove curse {unknown}
Potions
 j - 2 potions of heal wounds {unknown}
 k - a potion of berserk rage {unknown}
Comestibles
 f - a ration


   Skills:
 + Level 2.6 Fighting
 + Level 3.2 Long Blades
 - Level 2.1 Throwing
 + Level 3.1 Dodging


You had 2 spell levels left.
You didn't know any spells.
Your spell library was empty.

Dungeon Overview and Level Annotations

Branches:
Dungeon (2/15)

Altars:

Annotations:
D:2 Natasha


Innate Abilities, Weirdness & Mutations

You have a pair of small horns on your head.
Your movements are slightly less encumbered by armour. (ER -2)


Message History

Natasha stares at you and mumbles some strange words.
You feel yourself slow down.
You miss Natasha.
Natasha is lightly wounded.
Natasha claws you.
You barely miss Natasha.
Natasha is lightly wounded.
Natasha misses you. x2
You hit Natasha. Your headbutt misses Natasha.
Natasha is heavily wounded.
Natasha stares at you and mumbles some strange words.
The magic dart hits you!
* * * LOW HITPOINT WARNING * * *
Natasha stares at you and mumbles some strange words.
You feel as though you will be slow longer.
Unknown command.
You closely miss Natasha. Your headbutt misses Natasha.
Natasha is heavily wounded.
Natasha claws you.
You die...

.... ..# ..... #.#
.....##.# #...<.#.#
##.#.#..#
........#####
#.#..h.....#
#.....@....#
#....(.....######.
..#................
#.......†.#######
..........)..#
#.#.....>...#.# #
#..###.####.# #..
#.# #<# #. #.# #.#


You could see Natasha.

Vanquished Creatures
  Natasha (D:2)
  3 giant cockroaches (D:1)
  7 goblins (D:1)
  5 hobgoblins
  3 bats (D:1)
  2 frilled lizards (D:1)
  A rat (D:2)
22 creatures vanquished.

Notes
Turn   | Place    | Note
-------+----------+-------------------------------------------
     0 | D:1      | BritishOli the Demonspawn Gladiator began the quest for the
                  | Orb.
     0 | D:1      | Reached XP level 1. HP: 16/16 MP: 1/1
   144 | D:1      | Gained mutation: You have a pair of small horns on your
                  | head. [demonic ancestry]
   144 | D:1      | Reached XP level 2. HP: 15/22 MP: 2/2
   825 | D:2      | Noticed Natasha
   830 | D:2      | Noticed a crimson imp
   832 | D:2      | Killed Natasha
   832 | D:2      | Gained mutation: Your movements are slightly less
                  | encumbered by armour. (ER -2) [demonic ancestry]
   832 | D:2      | Reached XP level 3. HP: 14/28 MP: 3/3
   860 | D:2      | Noticed Natasha
   869 | D:2      | Slain by Natasha

Levels and vault maps discovered:
D:1:      minmay_arrival_split_and_join, layout_loops_ring
D:2:      layout_loops_ring, chequers_ecumenical_altar_simple_redux,
          lemuel_old_faithful, uniq_natasha, uniq_robin

Skill      XL: |  1  2 |
---------------+-------+-----
Throwing       | 2 |  2.1
Long Blades    | 3 |  3.2
Dodging        | 3 |  3.1
Fighting       | |  2.6

Action                   || total
-------------------------++-------
Melee: Long sword        ||    46
       Headbutt          ||     6
Armor: Leather armour    ||    11
Dodge: Dodged            ||    35
       Rpst.: Long sword ||    14

Table legend:
 A = Non-vault XP
 B = Vault XP
 C = Vault XP percentage of total XP
 D = Non-vault monster count
 E = Vault monster count
 F = Vault count percentage of total count
                 A         B        C        D         E       F
            +---------+---------+-------+---------+---------+-------
      Total |      38 |      36 |  48.6 |      21 |       1 |   4.5
            +---------+---------+-------+---------+---------+-------
        D:1 |      35 |       0 |   0.0 |      19 |       0 |   0.0
        D:2 |       3 |      36 |  92.3 |       2 |       1 |  33.3
            +---------+---------+-------+---------+---------+-------
